 Dungeon Crawl Stone Soup version 0.30-a0-354-g6b83867211 (webtiles) character file.

Game seed: 7383624088460170024

13 Low2 the Trooper (level 2, -7/33 HPs)
             Began as an Ogre Berserker on Nov 8, 2022.
             Was a Follower of Trog.
             Mangled by Crazy Yiuf
             ... wielding a +3 quarterstaff of chaos
              (10 damage)
             ... on level 2 of the Dungeon.
             The game lasted 00:02:15 (547 turns).

Low2 the Trooper (Ogre Berserker)                    Turns: 547, Time: 00:02:15

Health: -7/33      AC:  3    Str: 20    XL:     2   Next: 37%
Magic:  2/2        EV: 10    Int:  8    God:    Trog [*.....]
Gold:   47         SH:  0    Dex:  8    Spells: 1/1 levels left

rFire   . . .      SeeInvis .    a - +0 hand axe
rCold   . . .      Faith    .    (no shield)
rNeg    . . .      Spirit   .    b - +0 animal skin
rPois   .          Reflect  .    (helmet restricted)
rElec   .          Harm     .    (no cloak)
rCorr   .          Rampage  .    (gloves unavailable)
Will    .....                    (boots unavailable)
Stlth   +.........               (no amulet)
HPRegen 0.25/turn                (no ring)
MPRegen 0.08/turn                (no ring)

@: mighty
A: large, unfitting armour, tough skin 1
a: Renounce Religion, Berserk


You were on level 2 of the Dungeon.
You worshipped Trog.
Trog was aware of your devotion.
You visited 1 branch of the dungeon, and saw 2 of its levels.

You collected 47 gold pieces.

Inventory:

Hand Weapons
 a - a +0 hand axe (weapon)
Armour
 b - a +0 animal skin (worn)
Scrolls
 f - a scroll of blinking {unknown}
Potions
 d - 2 potions of flight
 g - a potion of invisibility {unknown}


   Skills:
 + Level 4.3 Fighting
 + Level 3.2 Axes
 + Level 3.0 Dodging


You had one spell level left.
You didn't know any spells.
Your spell library was empty.

Dungeon Overview and Level Annotations

Branches:
Dungeon (2/15)

Altars:

Annotations:
D:2 Crazy Yiuf


Innate Abilities, Weirdness & Mutations

You are too large for most types of armour.
You have tough skin. (AC +1)


Message History

c - 2 scrolls labelled NIMNIR MIQO (gained 1)
There are no items here.
As you read the scroll labelled NIMNIR MIQO, it crumbles to dust.
It is a scroll of identify.
d - 2 potions of flight
As you read the scroll of identify, it crumbles to dust.
e - a potion of might You see here a +0 club.
Found a whip.
An endoplasm comes into view.
The endoplasm quivers.
You hit the endoplasm.
The endoplasm is lightly wounded.
The endoplasm hits you but does no damage.
You hit the endoplasm.
You kill the endoplasm!
Trog accepts your kill.
Your Dodging skill increases to level 3!
You see here a +0 whip.
Found a hammer.
Found a runed translucent door.
You open the door. You hit Crazy Yiuf but do no damage.
Crazy Yiuf hits you with a +3 quarterstaff of chaos! x2
Crazy Yiuf burns you.
* * * LOW HITPOINT WARNING * * *
You feel very mighty all of a sudden.
Crazy Yiuf says, "I'm not crazy!"
Crazy Yiuf closely misses you.
You slash Crazy Yiuf!
Crazy Yiuf is heavily wounded.
Crazy Yiuf misses you.
You hit Crazy Yiuf.
Crazy Yiuf is almost dead.
Crazy Yiuf hits you with a +3 quarterstaff of chaos.
* * * LOW HITPOINT WARNING * * *
You resist with some effort.
You barely miss Crazy Yiuf.
Crazy Yiuf is almost dead.
Crazy Yiuf hits you with a +3 quarterstaff of chaos!
You die...

..........#
.........## .........#
.###....## .#......#
)#.####.##♣♣♣♣♣
.#..........♣.♣♣♣ ###
.##.###....♣.♣..♣#...#
.....)......♣♣♣♣@g...#
###.#.#....♣♣ ♣♣#..)#
#.#.####♣♣ ### #.#..
#.###. #.# .# #.# #
...


You could see Crazy Yiuf.

Vanquished Creatures
  2 endoplasms
  2 goblins (D:1)
  3 hobgoblins (D:1)
  A quokka (D:2)
  A bat (D:1)
  A frilled lizard (D:1)
  2 rats
12 creatures vanquished.

Notes
Turn   | Place    | Note
-------+----------+-------------------------------------------
     0 | D:1      | Low2 the Ogre Berserker began the quest for the Orb.
     0 | D:1      | Reached XP level 1. HP: 24/24 MP: 1/1
   133 | D:1      | Found a faded altar of an unknown god.
   289 | D:1      | Reached XP level 2. HP: 25/32 MP: 2/2
   538 | D:2      | Found a runed translucent door.
   539 | D:2      | Noticed Crazy Yiuf
   547 | D:2      | Mangled by Crazy Yiuf

Illustrated notes

Levels and vault maps discovered:
D:1:      lemuel_arrival_lava_pool, layout_basic,
          hellmonk_ecumenical_altar_zigzags
D:2:      layout_basic, uniq_crazy_yiuf_cottage

Skill      XL: |  1  2 |
---------------+-------+-----
Dodging        | 3 |  3.0
Fighting       | |  4.3
Axes           | |  3.2

Action                   || total
-------------------------++-------
Melee: Hand axe          ||    38
  Use: Scroll            ||     2
       Potion            ||     1
Armor: Animal skin       ||    23
Dodge: Dodged            ||    34

Table legend: (Time is in decaauts)
 A = Elapsed time spent in this place.
 B = Non-inter-level travel time spent in this place.
 C = Inter-level travel time spent in this place.
 D = Time resting spent in this place.
 E = Time spent auto-exploring this place.
 F = Levels seen in this place.
 G = Mean time per level.
                   A        B        C        D        E       F      G
               +--------+--------+--------+--------+--------+-----+--------+
         Total |    551 |    551 |      0 |      0 |      0 |   2 |  275.5 |
       Dungeon |    551 |    551 |      0 |      0 |      0 |   2 |  275.5 |
               +--------+--------+--------+--------+--------+-----+--------+

Top non-repeatable levels by time:
     D:1: 439 daAuts
     D:2: 112 daAuts
